AoeStats
← Aloxen

Glade

510412277Analyzed
1v1 RM · 2d ago on Sep 30, 2026· 27m 28s· 2 players
Game mode
Random Map
Map size
Tiny (2 player)
Population
200
Speed
Normal
Resources
Standard
Victory
Conquest
Starting age
Dark Age
Ending age
Imperial Age
RankedLock teamsTeams togetherTeam positionsShared explorationLock speedFull tech treeHidden civsTurbo modeCheats
Victory
Defeat
🇦🇷 Franks · Argentina
1286
+14
🇪🇸 Spanish · Spain
1243
-14
Aloxen
8:17 Loom
10:36 Feudal Age
14:25 Castle Age
17:15 Double-Bit Axe
20:18 Bow Saw
20:49 Fletching
24:55 Gold Mining
28:28 Imperial Age
Hitspëll
10:08 Feudal Age
14:45 Castle Age
13:06 Double-Bit Axe
13:53 Gold Mining
14:32 Loom
16:13 Bow Saw
19:41 Wheelbarrow
27:23 Imperial Age
26:16 Hand Cart
26:17 Town Watch
27:54 Scale Barding Armor
Connection lost

Rejoining the realm…

Still unreachable

The connection could not be restored.

Session expired

The server has moved on; the page needs a fresh start.